 Dungeon Crawl Stone Soup version 0.20.1-1-g8b1a95d (webtiles) character file.

77 Jazqa the Skirmisher (level 4, -1/30 HPs)
             Began as a Gargoyle Fighter on Oct 24, 2017.
             Slain by raikaria's ghost (10 damage)
             ... on level 3 of the Dungeon.
             The game lasted 00:02:38 (1668 turns).

Jazqa the Skirmisher (Gargoyle Fighter)             Turns: 1668, Time: 00:02:39

Health: -1/30      AC: 10    Str: 25    XL:     4   Next: 33%
Magic:  4/4        EV:  8    Int:  9    God:
Gold:   83         SH:  9    Dex:  9    Spells: 3/3 levels left

rFire    . . .     SeeInvis .   a - +0 flail
rCold    . . .     Gourm    .   c - +0 shield
rNeg     + . .     Faith    +   i - +3 leather armour
rPois    ∞         Spirit   .   (no helmet)
rElec    +         Reflect  .   (no cloak)
rCorr    .         Harm     .   (no gloves)
MR       .....                  (no boots)
Stlth    +.........             H - amulet of faith {!P}
Regen    0.1/turn               (no ring)
MPRegen  0.1/turn               (no ring)

@: mighty
A: negative energy resistance 1, electricity resistance, unbreathing,
petrification resistance, rot immunity, AC +3
a: no special abilities


You were on level 3 of the Dungeon.
You were not hungry.

You visited 1 branch of the dungeon, and saw 3 of its levels.

You collected 83 gold pieces.


Innate Abilities, Weirdness & Mutations

You are resistant to torment.
Your stone body is resilient. (AC +3)
You are immune to poison.
You resist negative energy. (rN+)
You are resistant to electric shocks. (rElec)
You can survive without breathing.
You are immune to petrification.
You are immune to rotting.


   Skills:
 + Level 4.7 Fighting
 + Level 3.1 Maces & Flails
 - Level 3.2 Armour
 - Level 3.2 Shields


You had 3 spell levels left.
You didn't know any spells.

Inventory:

Hand Weapons
 a - a +0 flail (weapon)
Armour
 b - a +0 scale mail
 c - a +0 shield (worn)
 i - a +3 leather armour (worn)
Jewellery
 H - an amulet of faith (around neck) {!P}
Wands
 r - a wand of flame (15/48)
 t - a wand of random effects (9/48)
Scrolls
 e - 4 scrolls of identify {unknown}
 m - a scroll of teleportation {unknown}
 n - a scroll of enchant weapon {unknown}
 o - 2 scrolls of magic mapping {unknown}
 p - a scroll of amnesia {unknown}
 q - a scroll of immolation {unknown}
 u - a scroll of remove curse {unknown}
Potions
 g - a potion of heal wounds {unknown}
 k - a potion of flight {unknown}
 l - a potion of resistance {unknown}
Comestibles
 f - 2 bread rations {@e1}
 h - 5 chunks of flesh
 j - 4 royal jellies {@e3}
 s - 3 fruits {@e2}

Dungeon Overview and Level Annotations

Branches:
Dungeon (3/15)

Altars:
Nemelex Xobeh

Annotations:
D:3 Ijyb; raikaria's ghost, amateur DrSu

#W.#..# #.......##
#....###.#####... #
#....##.#####..# #. #░
#.............. #.# ░.⚑
##..##)#####..# #..#
░.░##(..##.#####..#
#..# ░'#....##.........
#...###W...##########..
#..#@5..## ##. #..r..##
###..## #. #.## #. #.#
#. #.# ## ..# .##


You could see raikaria's ghost, a river rat and a shadow imp.


Message History

Unknown command.
You closely miss raikaria's ghost.
Raikaria's ghost mumbles some strange words.
The river rat bites you but does no damage.
You closely miss raikaria's ghost.
Raikaria's ghost casts a spell.
You block the river rat's attack.
Raikaria's ghost hits you but does no damage.
The river rat bites you.
You closely miss raikaria's ghost. You block raikaria's ghost's attack.
You block the river rat's attack.
You hit raikaria's ghost but do no damage.
The shadow imp hits you but does no damage.
Raikaria's ghost hits you but does no damage.
The river rat bites you but does no damage.
You hit raikaria's ghost.
Raikaria's ghost is lightly damaged.
The shadow imp gestures at you.
You barely resist. Raikaria's ghost hits you!
* * * LOW HITPOINT WARNING * * *
The river rat bites you.
* * * LOW HITPOINT WARNING * * *
The shadow imp closely misses you.
You thump raikaria's ghost!
Raikaria's ghost is heavily damaged.
Raikaria's ghost hits you but does no damage.
The river rat bites you.
* * * LOW HITPOINT WARNING * * *
You block the shadow imp's attack. Raikaria's ghost hits you!
You die...

Skill      XL: |  1  2  3 |
---------------+----------+-----
Fighting       | 4 |  4.7
Maces & Flails | 3 |  3.1
Armour         | |  3.2
Shields        | |  3.2

Action                   |  1- 3 |  4- 6 || total
-------------------------+-------+-------++-------
Melee: Flail             |   151 |    41 ||   192
  Use: Potion            |       |     1 ||     1
  Eat: Chunk             |     2 |     1 ||     3
Armor: Scale mail        |    15 |       ||    15
       Leather armour    |    82 |    23 ||   105
Dodge: Dodged            |    47 |    14 ||    61
Block: Shield            |    92 |    23 ||   115

Vault maps used:
D:1:      saegor_arrival_fortress
D:2:      chequers_ecumenical_altar_simple
D:3:      nemelex_diamond_rough_becter, uniq_ijyb, uniq_crazy_yiuf_cottage

Notes
Turn   | Place    | Note
-------+----------+-------------------------------------------
     0 | D:1      | Jazqa the Gargoyle Fighter began the quest for the Orb.
     0 | D:1      | Reached XP level 1. HP: 14/14 MP: 1/1
   187 | D:1      | Reached XP level 2. HP: 14/19 MP: 2/2
   496 | D:1      | Reached skill level 4 in Fighting
   574 | D:1      | Reached XP level 3. HP: 22/24 MP: 3/3
   997 | D:2      | Found a faded altar of an unknown god.
  1374 | D:3      | Noticed Ijyb
  1382 | D:2      | Reached skill level 3 in Maces & Flails
  1382 | D:2      | Reached XP level 4. HP: 30/30 MP: 4/4
  1651 | D:3      | Noticed raikaria's ghost (amateur DrSu)
  1655 | D:3      | Found a sparkling altar of Nemelex Xobeh.
  1668 | D:3      | Slain by raikaria's ghost

Vanquished Creatures
  2 adders
  2 worms
  A leopard gecko (D:1)
  A bat zombie (D:1)
  A giant cockroach (D:1)
  9 goblins
  9 hobgoblins
  2 jackals (D:1)
  3 kobolds
  A quokka (D:2)
  A ball python zombie (D:1)
  8 bats
  2 frilled lizards
  4 rats
46 creatures vanquished.
